Map: 2000 атмосфер РВ

Players

ИИ 1 (боец) - Winner!

  • Race: Zerg Zerg

infernosvd

  • Race: Protoss Protoss
  • League: Gold

VOD

Have the link to the VOD?

Description

Time

  • Played on: May 18, 2021, 8:51 a.m.
  • Length: 7:12
Show
View Real Time Build Order
Export as new Build Order

ИИ 1 (боец) Zerg - Winner!

Build Orders: 1 Base Baneling Bust, Pool First 

Get SALT Encoding   

  12  0:00  Drone  
  13  0:12  Overlord  
  13  0:16  Drone  
  14  0:30  Drone  
  14  0:33  Drone  
  16  0:42  Spawning Pool  
  15  0:45  Drone  
  15  0:49  Drone  
  17  0:52  Extractor  
  17  0:55  Drone  
  17  1:06  Overlord  
  17  1:30  Queen  
  17  1:31  Zergling x2  
  20  1:35  Zergling x2  
  20  1:36  Roach Warren  
  20  1:37  Extractor  
  20  1:38  Drone  
  20  1:49  Drone  
  20  1:52  Baneling Nest  
  20  2:00  Drone  
  21  2:10  Drone  
  22  2:21  Zergling x2  
  23  2:32  Zergling x2  
  23  2:36  Baneling x2  
  24  2:40  Overlord  
  24  2:41  Zergling x2  
  25  2:45  Zergling x2  
  25  2:49  Zergling x2  
  27  2:54  Zergling x2  
  28  2:59  Baneling x2  
  28  3:05  Zergling x2  
  28  3:09  Zergling x2, Drone, Evolution Chamber, Baneling  
  29  3:14  Zergling x2  
  29  3:17  Drone  
  29  3:18  Baneling  
  31  3:28  Drone  
  32  3:38  Overlord  
  32  3:41  Drone  
  33  3:44  Drone  
  33  3:46  Drone  
  35  3:50  Drone  
  36  4:11  Zergling x2  
  36  5:10  Lair, Roach  
  36  5:11  Overlord, Drone  
  36  5:12  Spore Crawler  
  36  5:13  Drone  
  39  5:14  Spore Crawler  
  39  5:16  Drone  
  39  5:19  Drone  
  40  5:29  Overlord, Roach  
  42  5:38  Drone, Spine Crawler  
  42  5:42  Ravager  
  43  5:46  Roach  
  43  5:49  Spine Crawler  
  42  5:50  Drone  
  36  5:58  Zergling x2  
  36  6:07  Queen  
  36  6:08  Overseer x2  
  38  6:11  Ravager  
  38  6:12  Roach, Hydralisk Den  
  38  6:15  Infestation Pit  
  38  6:16  Drone  
  40  6:28  Spire  
  40  6:30  Drone  
  40  6:37  Hatchery, Evolution Chamber  
  38  6:42  Hydralisk  
  38  6:45  Drone  
Show
View Real Time Build Order
Export as new Build Order

infernosvd Protoss 

Build Orders: 1 Gate Expand 

Get SALT Encoding   

  12  0:02  Probe (Chrono Boost)  
  13  0:15  Probe (Chrono Boost)  
  14  0:23  Pylon  
  14  0:29  Probe  
  15  0:41  Probe  
  16  0:48  Gateway  
  16  0:54  Probe  
  17  1:07  Probe  
  18  1:19  Probe  
  18  1:24  Nexus  
  19  1:31  Probe  
  20  1:41  Cybernetics Core  
  20  1:43  Probe  
  20  1:44  Assimilator  
  21  1:55  Probe  
  21  1:59  Pylon  
  21  2:01  Pylon  
  22  2:04  Assimilator  
  22  2:27  Warp Gate (Chrono Boost)  
  22  2:34  Probe  
  22  2:35  Stalker (Chrono Boost)  
  25  2:59  Robotics Facility  
  25  3:02  Gateway  
  24  3:08  Pylon  
  24  3:28  Stalker  
  26  3:37  Probe (Chrono Boost)  
  28  3:42  Probe (Chrono Boost)  
  29  3:48  Probe (Chrono Boost)  
  29  3:51  Immortal (Chrono Boost)  
  29  3:52  Probe (Chrono Boost)  
  29  3:53  Probe (Chrono Boost)  
  36  4:03  Probe (Chrono Boost)  
  36  4:08  Probe (Chrono Boost)  
  37  4:12  Probe (Chrono Boost)  
  37  4:15  Probe (Chrono Boost)  
  39  4:21  Stalker x2  
  43  4:25  Pylon  
  43  4:26  Nexus  
  43  4:28  Pylon  
  43  4:33  Observer (Chrono Boost)  
  44  4:39  Probe x2  
  46  4:51  Probe x2  
  48  4:55  Assimilator, Immortal  
  48  4:57  Assimilator  
  52  5:26  Twilight Council  
  52  5:28  Forge  
  52  5:29  Probe (Chrono Boost)  
  52  5:30  Forge  
  52  5:34  Stalker x2  
  52  5:35  Probe (Chrono Boost)  
  58  5:40  Probe (Chrono Boost)  
  59  5:45  Gateway  
  59  5:47  Gateway  
  59  5:52  Gateway  
  63  6:04  Immortal  
  64  6:11  Probe (Chrono Boost)  
  64  6:16  Probe (Chrono Boost)  
  65  6:21  Zealot  
  65  6:22  Zealot  
  65  6:24  Probe (Chrono Boost)  
  72  6:26  Probe x2 (Chrono Boost)  
  72  6:28  Assimilator  
  72  6:32  Assimilator  
  72  6:33  Probe  
  72  6:37  Probe  
  74  6:44  Zealot x3  
  80  6:49  Probe x2  
  80  6:52  Probe  
Tags
 
Add a new tag
Caveats
  • Supply blocks, unpowered buildings, or Contaminate may cause inaccurate times.
  • Supply counts are checked every 10 seconds.